Map: [ESL] Oceanborn

Players

ShoWTimE - Winner!

  • Race: Protoss Protoss
  • Spawn Location: 5:00

MaNa

  • Race: Protoss Protoss
  • Spawn Location: 11:00

Event: ESL SC2 Masters 2024 Spring (Regional)

VOD

Have the link to the VOD?

Description

Time

  • Played on: May 2, 2024, 9:18 a.m.
  • Length: 7:43

All games in this series

Show
View Real Time Build Order
Export as new Build Order

ShoWTimE Protoss - Winner!

Build Orders: Oracle Opening 

Get SALT Encoding   

  12  0:00  Probe  
  13  0:12  Probe  
  14  0:16  Pylon  
  14  0:24  Probe (Chrono Boost)  
  16  0:35  Gateway  
  16  0:36  Probe (Chrono Boost)  
  16  0:43  Probe (Chrono Boost)  
  16  0:45  Assimilator  
  17  0:50  Probe  
  18  1:03  Probe (Chrono Boost)  
  19  1:04  Assimilator  
  19  1:10  Gateway  
  19  1:13  Probe (Chrono Boost)  
  19  1:18  Probe (Chrono Boost)  
  20  1:24  Cybernetics Core  
  21  1:29  Probe  
  22  1:35  Pylon  
  22  1:41  Probe  
  23  1:53  Probe  
  24  2:00  Warp Gate, Adept x2  
  28  2:05  Probe  
  29  2:10  Pylon  
  29  2:21  Stargate  
  29  2:26  Pylon  
  29  2:29  Probe  
  30  2:35  Adept  
  32  2:42  Adept  
  34  2:44  Probe  
  35  2:54  Pylon  
  35  2:56  Probe  
  36  2:58  Shield Battery  
  36  3:03  Oracle (Chrono Boost)  
  35  3:09  Probe  
  39  3:21  Probe  
  40  3:30  Oracle (Chrono Boost)  
  40  3:33  Probe  
  44  3:37  Pylon  
  44  3:45  Probe  
  45  3:52  Nexus  
  45  3:57  Probe  
  45  4:02  Shield Battery  
  46  4:11  Pylon  
  46  4:12  Stalker  
  46  4:13  Probe  
  49  4:19  Stalker  
  51  4:27  Phoenix (Chrono Boost)  
  49  4:39  Probe  
  46  4:46  Stalker  
  46  4:47  Phoenix (Chrono Boost)  
  50  4:53  Stalker  
  52  5:00  Shield Battery  
  52  5:10  Phoenix  
  54  5:16  Stalker  
  54  5:18  Adept  
  58  5:23  Shield Battery  
  58  5:35  Phoenix (Chrono Boost)  
  60  5:46  Stalker  
  60  5:51  Adept  
  62  5:59  Probe x2  
  62  6:08  Gateway  
  62  6:11  Probe x2  
  62  6:12  Robotics Facility, Gateway  
  62  6:16  Shield Battery, Adept x2  
  64  6:23  Probe x2  
  66  6:26  Assimilator  
  66  6:27  Pylon  
  66  6:35  Probe  
  66  6:37  Stalker x2  
  72  6:40  Probe  
  58  6:54  Phoenix (Chrono Boost)  
  58  7:00  Adept  
  53  7:08  Probe x2  
  46  7:16  Adept x3  
  46  7:20  Probe x2 (Chrono Boost)  
  56  7:31  Probe x2 (Chrono Boost)  
  56  7:37  Sentry  
Show
View Real Time Build Order
Export as new Build Order

MaNa Protoss 

Build Orders: Phoenix Opening 

Get SALT Encoding   

  12  0:00  Probe  
  13  0:12  Probe  
  14  0:17  Pylon  
  14  0:24  Probe  
  15  0:35  Gateway  
  15  0:37  Probe (Chrono Boost)  
  16  0:46  Probe (Chrono Boost)  
  16  0:47  Assimilator  
  17  0:51  Probe (Chrono Boost)  
  18  1:03  Probe (Chrono Boost)  
  19  1:04  Assimilator  
  19  1:08  Gateway  
  19  1:12  Probe (Chrono Boost)  
  19  1:18  Probe  
  20  1:24  Cybernetics Core  
  21  1:30  Probe  
  22  1:35  Pylon  
  22  1:42  Probe  
  24  1:54  Probe  
  24  2:00  Warp Gate, Adept  
  26  2:03  Adept  
  28  2:10  Probe  
  28  2:12  Pylon  
  29  2:22  Pylon  
  29  2:23  Probe  
  29  2:28  Robotics Facility  
  30  2:34  Sentry  
  30  2:36  Probe  
  33  2:42  Adept  
  35  2:51  Probe  
  36  2:59  Shield Battery  
  36  3:03  Probe  
  37  3:06  Phoenix  
  37  3:12  Immortal (Chrono Boost)  
  37  3:15  Probe  
  37  3:17  Sentry  
  43  3:39  Nexus  
  43  3:43  Shield Battery  
  43  3:47  Observer  
  43  3:49  Stalker  
  46  4:01  Pylon  
  46  4:04  Shield Battery  
  46  4:14  Pylon  
  46  4:23  Probe  
  45  4:34  Stalker x2  
  43  4:40  Warp Prism (Chrono Boost)  
  40  4:49  Probe  
  41  4:57  Sentry x2  
  45  5:01  Probe  
  45  5:05  Probe  
  41  5:27  Adept  
  41  5:28  Sentry  
  41  6:06  Stalker x2  
  34  6:42  Warp Prism  
  28  6:58  Sentry x2  
  14  7:30  Probe x2  
Tags
 
Add a new tag
Caveats
  • Supply blocks, unpowered buildings, or Contaminate may cause inaccurate times.
  • Supply counts are checked every 10 seconds.